 Dungeon Crawl Stone Soup version 0.17.1-1-g73c8601 (webtiles) character file.

5985 Implojin the Brawler (level 10, -5/88 HPs)
             Began as a Troll Fighter on Apr 4, 2016.
             Was an Elder of Cheibriados.
             Slain by Maud
             ... wielding a +2 scimitar
              (17 damage)
             ... on level 3 of the Orcish Mines.
             The game lasted 00:23:52 (3832 turns).

Implojin the Brawler (Troll Fighter)                Turns: 3832, Time: 00:23:52

Health: -5/88      AC:  7    Str: 36      XL:     10   Next: 55%
Magic:  6/9        EV:  9    Int: 14      God:    Cheibriados [****..]
Gold:   230        SH: 11    Dex: 21 (22) Spells: 0 memorised, 9 levels left

rFire  + . .     SeeInvis .       - Unarmed
rCold  . . .     Clarity  .     r - +2 robe {rF+}
rNeg   . . .     SustAt   .     b - +0 shield
rPois  .         Gourm    +     (helmet restricted)
rElec  .         Spirit   .     (no cloak)
rCorr  .         Warding  .     (gloves unavailable)
rMut   +         Stasis   .     (boots unavailable)
MR     .....                    w - amulet of resist mutation
Stlth  ++........               (no ring)
                                (no ring)

@: very slow, not resistant to hostile enchantments, unstealthy
A: unfitting armour, claws 3, fast metabolism 3, gourmand, regeneration 2,
shaggy fur 1, tough skin 2
a: Bend Time, Temporal Distortion, Slouch, Renounce Religion


You were on level 3 of the Orcish Mines.
You worshipped Cheibriados.
Cheibriados was greatly pleased with you.
You were very full.

You visited 3 branches of the dungeon, and saw 16 of its levels.
You also visited: Sewer and Ossuary.

You collected 470 gold pieces.
You spent 240 gold pieces at shops.

Inventory:

Missiles
 q - 18 tomahawks (quivered)
 s - a throwing net
 z - 8 curare-tipped needles
Armour
 b - a +0 shield (worn)
 r - a +2 robe of fire resistance (worn)
Magical Staves
 h - an uncursed staff of air
Jewellery
 i - an uncursed ring of teleportation
 w - an amulet of resist mutation (around neck)
Wands
 B - a wand of confusion (46)
 G - a wand of paralysis (17)
Scrolls
 a - a scroll of enchant armour
 c - a scroll of blinking
 e - a scroll of remove curse
 g - a scroll of noise
 j - a scroll of immolation
 m - 3 scrolls of amnesia
 x - a scroll of random uselessness
 y - a scroll of enchant weapon
 A - a scroll of recharging
 C - a scroll of teleportation
Potions
 f - a potion of agility
 k - a potion of brilliance
 l - a potion of haste
 o - 4 potions of curing
 p - a potion of resistance
 v - 2 potions of mutation
 E - a potion of might
 H - a potion of degeneration {unknown}
 J - a potion of poison
 K - a potion of lignification
 M - a potion of cancellation {unknown}
Books
 N - a book of Hinderance

   Spells                             Type                      Level
   a - Confusing Touch                Hexes                        2
   b - Confuse                        Hexes                        3
   c - Gell's Gravitas                Hexes/Translocation          3
   d - Petrify                        Transmutation/Earth          4
   e - Metabolic Englaciation         Hexes/Ice                    5
 O - a Grand Grimoire

   Spells                             Type                      Level
   a - Monstrous Menagerie            Summoning                    6
   b - Summon Greater Demon           Summoning                    7
   c - Malign Gateway                 Summoning/Translocation      7
   d - Summon Horrible Things         Summoning                    8
Comestibles
 d - 3 bread rations
 t - 3 beef jerkies
 u - 4 fruits
 D - 2 meat rations


   Skills:
 - Level 2.4 Fighting
 - Level 2.4 Dodging
 - Level 2.4 Shields
 * Level 15.2 Unarmed Combat


You had 9 spell levels left.
You didn't know any spells.

Dungeon Overview and Level Annotations

Branches:
Dungeon (11/15)            Temple (1/1) D:7             Orc (4/4) D:10
    Elf (0/3) Orc:3
   Lair: D:8-11

Altars:
Ashenzari
Cheibriados
Elyvilon
Fedhas
Kikubaaqudgha
Makhleb
Nemelex Xobeh
Okawaru
Qazlal
Ru
Sif Muna
Trog
Vehumet
Xom
Yredelemnul
Zin
The Shining One

Shops:
D:7 *   D:9 }   Orc:3 *

Annotations:
Orc:3 Maud


Innate Abilities, Weirdness & Mutations

You are too large for most types of armour.
You have claws for hands.
Your metabolism is lightning-fast.
You like to eat raw meat.
You heal very quickly.
You are covered in fur (AC +1).
You have very tough skin (AC +2).


Message History

You barely miss Maud.
Maud is lightly wounded.
Maud hits you with an enchanted scimitar.
Drink which item? (? for menu, Esc to quit)
Okay, then.
Drink which item? (? for menu, Esc to quit)
Okay, then.
Read which item? (? for menu, Esc to quit)
Okay, then.
Drink which item? (? for menu, Esc to quit)
Okay, then.
You warp the flow of time around you!
You feel somewhat less full.
You start resting.
You see here 17 gold pieces.
You claw Maud!
Maud is moderately wounded.
You block Maud's attack.
You mangle Maud!!
Maud is moderately wounded.
Maud hits you with an enchanted scimitar!!
* * * LOW HITPOINT WARNING * * *
You claw Maud!
Maud is heavily wounded.
You barely miss Maud.
Maud is heavily wounded.
Maud hits you with an enchanted scimitar!
* * * LOW HITPOINT WARNING * * *
You barely miss Maud.
Maud is heavily wounded.
You block Maud's attack.
You scratch Maud.
Maud is heavily wounded.
Your shield prevents you from hitting Maud.
Maud is heavily wounded.
Maud hits you with an enchanted scimitar!!
* * * LOW HITPOINT WARNING * * *
You scratch Maud but do no damage.
Maud is heavily wounded.
Maud hits you with an enchanted scimitar!
You die...

#.#...##........
##.#....#......... .
.........#......... ..
......$.............#.. #
................#...#.#####
...........>...........##..
.......).#.................
#.....O(#..................
.......@##@#.....##........
..#.....)##@...............
###.#..@.....#...........
#.#........##........>..
#..........##.......^....
##.....#...#.....#.......
#.....#..#..............
#............)...∩...#..
##...##.......>).)....#.


You could see Maud.

Vanquished Creatures
  Erica (D:8)
  An ugly thing (D:10)
  Sigmund (D:3)
  5 yaks (D:10)
  A hippogriff (D:10)
  Menkaure (D:5)
  Edmund (D:4)
  Duvessa (D:5)
  2 sky beasts (D:7)
  A black bear (D:10)
  5 ogres
  4 orc warriors
  4 centaurs (D:10)
  4 giant frogs
  Blork the orc (D:5)
  A big kobold (D:8)
  Dowan (D:5)
  2 water moccasin zombies (Ossuary)
  2 scorpions
  3 wights (D:6)
  3 crimson imps
  7 orc priests
  A wasp zombie (D:10)
  A quasit (D:10)
  A giant frog skeleton (D:7)
  3 hounds
  7 orc wizards
  7 worker ants
  An iguana (D:6)
  3 big kobold zombies (Ossuary)
  2 mummies (Ossuary)
  A worker ant zombie (D:6)
  Robin (D:3)
  7 gnolls (D:4)
  7 adders
  A shadow imp (D:6)
  16 oozes (Sewer)
  5 adder zombies (Ossuary)
  2 adder skeletons
  13 giant geckos
  66 orcs
  6 ball pythons (Sewer)
  A bat (D:3)
  15 giant cockroaches
  5 gnoll zombies (Ossuary)
  6 goblins (D:3)
  6 hobgoblins (D:3)
  8 jackals
  2 quokkas (D:8)
  A giant cockroach zombie (D:6)
  A giant gecko skeleton (D:4)
  12 giant newts
  2 hobgoblin zombies (Ossuary)
  7 kobolds
  4 kobold zombies (Ossuary)
  An orc zombie (Ossuary)
  A rat (D:1)
275 creatures vanquished.

Notes
Turn   | Place    | Note
--------------------------------------------------------------
     0 | D:1      | Implojin the Troll Fighter began the quest for the Orb.
     0 | D:1      | Reached XP level 1. HP: 22/22 MP: 0/0
   112 | D:3      | Noticed an orc wizard
   113 | D:3      | Noticed an orc priest
   117 | D:3      | Killed an orc wizard
   117 | D:3      | Reached skill level 3 in Unarmed Combat
   117 | D:3      | Reached XP level 2. HP: 27/29 MP: 1/1
   117 | D:3      | Reached XP level 3. HP: 33/36 MP: 2/2
   124 | D:3      | Killed an orc priest
   124 | D:3      | Reached skill level 4 in Unarmed Combat
   183 | D:3      | Reached XP level 4. HP: 39/44 MP: 3/3
   294 | D:3      | Noticed Sigmund
   312 | D:3      | Killed Sigmund
   312 | D:3      | Reached skill level 6 in Unarmed Combat
   312 | D:3      | Reached XP level 5. HP: 6/50 MP: 4/4
   347 | D:3      | Noticed Robin
   385 | D:3      | Killed Robin
   454 | D:3      | Found a glowing drain.
   464 | D:3      | Reached XP level 6. HP: 57/59 MP: 5/5
   480 | Sewer    | Entered a sewer
   675 | Sewer    | Reached skill level 7 in Unarmed Combat
   758 | Sewer    | Reached XP level 7. HP: 57/66 MP: 6/6
   835 | D:4      | Reached skill level 8 in Unarmed Combat
   944 | D:4      | Noticed an ogre
   949 | D:4      | Killed an ogre
  1081 | D:5      | Entered Level 5 of the Dungeon
  1081 | D:5      | Noticed Blork the orc
  1190 | D:5      | Killed Blork the orc
  1190 | D:5      | Reached skill level 9 in Unarmed Combat
  1203 | D:5      | Noticed Edmund
  1274 | D:4      | Killed Edmund
  1392 | D:4      | Reached XP level 8. HP: 30/74 MP: 7/7
  1512 | D:5      | Noticed Menkaure
  1517 | D:5      | Killed Menkaure
  1517 | D:5      | Reached skill level 10 in Unarmed Combat
  1522 | D:5      | Noticed Duvessa
  1530 | D:5      | Killed Duvessa
  1532 | D:5      | Noticed Dowan
  1540 | D:5      | Killed Dowan
  1574 | D:5      | Found a shattered altar of Ashenzari.
  1883 | D:6      | Reached skill level 11 in Unarmed Combat
  1998 | D:7      | Found a radiant altar of Vehumet.
  2020 | D:6      | Found a white marble altar of Elyvilon.
  2041 | D:7      | Reached XP level 9. HP: 61/80 MP: 8/8
  2073 | D:7      | Found a staircase to the Ecumenical Temple.
  2096 | Temple   | Entered the Ecumenical Temple
  2182 | Temple   | Became a worshipper of Cheibriados the Contemplative
  2322 | D:7      | Found Ahegyeg's General Store.
  2390 | D:8      | Reached skill level 12 in Unarmed Combat
  2457 | D:8      | Reached * piety under Cheibriados
  2531 | D:8      | Found an iron altar of Okawaru.
  2605 | D:8      | Found a sand-covered staircase.
  2614 | Ossuary  | Entered an ossuary
  2697 | Ossuary  | Reached ** piety under Cheibriados
  2788 | D:8      | Noticed Erica
  2802 | D:8      | Killed Erica
  2802 | D:8      | Reached skill level 13 in Unarmed Combat
  2958 | D:8      | Found a sparkling altar of Nemelex Xobeh.
  2958 | D:8      | Found a burning altar of Makhleb.
  3031 | D:9      | Found Neghyac's Quality Used Wands.
  3071 | D:10     | Entered Level 10 of the Dungeon
  3104 | D:10     | Reached skill level 14 in Unarmed Combat
  3104 | D:10     | Reached XP level 10. HP: 68/88 MP: 9/9
  3225 | D:10     | Found a staircase to the Orcish Mines.
  3225 | D:10     | Noticed a red ugly thing
  3239 | D:10     | Killed a red ugly thing
  3260 | D:10     | Found a blossoming altar of Fedhas.
  3300 | D:10     | Reached *** piety under Cheibriados
  3470 | Orc:1    | Entered Level 1 of the Orcish Mines
  3601 | Orc:1    | Reached skill level 15 in Unarmed Combat
  3611 | Orc:1    | Reached **** piety under Cheibriados
  3675 | Orc:3    | Found Tioc's Assorted Antiques.
  3689 | Orc:3    | Found a staircase to the Elven Halls.
  3696 | Orc:3    | Bought a scroll of enchant armour for 240 gold pieces
  3704 | Orc:3    | Noticed Maud
  3749 | Orc:4    | Entered Level 4 of the Orcish Mines
  3832 | Orc:3    | Slain by Maud

Action                   |  1- 3 |  4- 6 |  7- 9 | 10-12 || total
-------------------------+-------+-------+-------+-------++-------
Melee: Unarmed           |    41 |   186 |   343 |   162 ||   732
Throw: Tomahawk          |       |       |       |     1 ||     1
Invok: Temporal Distorti |       |       |       |     1 ||     1
Evoke: Wand              |       |       |     1 |       ||     1
  Use: Scroll            |     1 |       |    12 |     7 ||    20
       Potion            |       |     1 |     2 |       ||     3
 Stab: Sleeping          |       |       |     1 |     1 ||     2
       Distracted        |       |       |     1 |       ||     1
  Eat: Chunk             |     2 |    10 |    18 |     6 ||    36

Table legend:
 A = Turns spent in this place as a percentage of turns spent in the entire game.
 B = Non-inter-level travel turns spent in this place as a percentage of non-inter-level travel turns spent in the entire game.
 C = Inter-level travel turns spent in this place as a percentage of turns spent in this place.
 D = Turns resting spent in this place as a percentage of non-inter-level travel turns spent in this place.
 E = Turns spent auto-exploring this place as a percentage of non-inter-level travel turns spent in this place.
 F = Non-inter-level travel turns spent in this place divided by the number of levels of this place that you've seen.
                   A       B       C       D       E      F
               +-------+-------+-------+-------+-------+----------------------
         Total | 100.0 | 100.0 |   0.0 |   0.2 |   0.0 | 202.2
       Dungeon |  75.5 |  75.5 |   0.0 |   0.2 |   0.0 | 250.0
        Temple |   3.2 |   3.2 |   0.0 |   0.0 |   0.0 | 117.0
  Orcish Mines |   9.1 |   9.1 |   0.0 |   0.6 |   0.0 |  82.8
         Sewer |   8.2 |   8.2 |   0.0 |   0.0 |   0.0 | 299.0
       Ossuary |   3.9 |   3.9 |   0.0 |   0.0 |   0.0 | 143.0
               +-------+-------+-------+-------+-------+----------------------

Table legend:
 A = Kills in this place as a percentage of kills in entire the game.
 B = Kills by you in this place as a percentage of kills by you in the entire game.
 C = Kills by friends in this place as a percentage of kills by friends in the entire game.
 D = Other kills in this place as a percentage of other kills in the entire game.
 E = Experience gained in this place as a percentage of experience gained in the entire game.
 F = Experience gained in this place divided by the number of levels of this place that you have seen.
                   A       B       C       D       E      F
               +-------+-------+-------+-------+-------+----------------------
         Total | 100.0 | 100.0 |  -nan |  -nan | 100.0 | 475.0
       Dungeon |  53.5 |  53.5 |  -nan |  -nan |  83.4 | 648.4
  Orcish Mines |  17.5 |  17.5 |  -nan |  -nan |   8.1 | 173.8
         Sewer |  20.4 |  20.4 |  -nan |  -nan |   4.9 | 415.0
       Ossuary |   8.7 |   8.7 |  -nan |  -nan |   3.6 | 308.0
               +-------+-------+-------+-------+-------+----------------------
